Unix NetHack Version 3.7.0-86 Work-in-progress - last build May 30 2023 01:50:43 (cc98dc9aa62a9957b082a042edf5bd7ec9f632c7,branch:master). Game began 2023-06-08 17:08:50, ended 2023-06-08 17:13:38. nopsled, neutral female human Wizard --- ----..| --.....---- |.........| --... ....| |.... .f-- --<. ..@. --. ... Nopsled the Evoker St:9 Dx:12 Co:11 In:18 Wi:11 Ch:15 Neutral S:173 Dlvl:3 $:13 HP:0(12) Pw:1(6) AC:6 Xp:1/15 T:363 Latest messages: You swap places with your kitten. You find a hidden door. The door opens. $ - 4 gold pieces (13 in total). The door resists! The door resists! The door opens. You miss the goblin. The goblin thrusts her crude dagger. The goblin hits! In what direction? b The spell hits the goblin! You kill the goblin! s - a crude dagger. The kitten drops an iron skull cap. You swap places with your kitten. You see here an iron skull cap. The grid bug bites! You avoid harm. The kitten bites the grid bug. The grid bug is killed! The kitten bites the grid bug. The kitten misses the grid bug. The kitten misses the grid bug. The kitten misses the grid bug. The kitten misses the grid bug. The grid bug bites! You get zapped! You hear some noises. You swap places with your kitten. You see here an iron skull cap. The kitten bites it. Pardon me, kitten. Pardon me, kitten. Pardon me, kitten. Pardon me, kitten. You descend the stairs. The gnome hits! In what direction? n The spell hits the gnome! You kill the gnome! t - a scroll labeled MAPIRO MAHAMA DIROMAT. An arrow misses you. You are hit by an arrow! You die... Do you want your possessions identified? [ynq] (y) y Do you want to see your attributes? [ynq] (y) y Do you want an account of creatures vanquished? [ynaq] (y) y Do you want to see your conduct and achievements? [ynq] (y) y Do you want to see the dungeon overview? [ynq] (y) q Inventory: Coins $ - 13 gold pieces Weapons s - a +0 orcish dagger a - a blessed +1 quarterstaff (weapon in hands) Armor o - an uncursed +0 helm of brilliance (being worn) b - an uncursed +0 cloak of magic resistance (being worn) Comestibles n - 2 uncursed fortune cookies Scrolls m - an uncursed scroll of blank paper h - an uncursed scroll of earth i - 2 uncursed scrolls of identify t - an uncursed scroll of light Spellbooks j - a blessed spellbook of force bolt k - an uncursed spellbook of healing Potions q - an uncursed potion of gain level f - a blessed potion of monster detection p - an uncursed potion of oil l - an uncursed potion of restore ability g - 2 uncursed potions of sleeping Rings e - an uncursed +2 ring of protection (on right hand) d - an uncursed ring of searching r - an uncursed ring of stealth Wands c - a wand of lightning (0:6) Nopsled the Wizard's attributes: Background: You were an Evoker, a level 1 female human Wizard. You were neutral, on a mission for Thoth who was opposed by Ptah (lawful) and Anhur (chaotic). You were in the Gnomish Mines, on level 3. You entered the dungeon 363 turns ago. You had 15 experience points, 5 more were needed to attain level 2. Your score was 173 before end-of-game adjustments. Basics: You had 0 out of 12 hit points. You had 1 out of 6 energy points (spell power). Your armor class was 6. Your wallet contained 13 zorkmids. Autopickup was on for '$"?!=/' plus thrown. Final Characteristics: Your strength was 9 (limit:18/100). Your dexterity was 12 (limit:18). Your constitution was 11 (limit:18). Your intelligence was 18 (limit:18). Your wisdom was 11 (limit:18). Your charisma was 15 (limit:18). Final Status: You were not hungry. You were unencumbered. You were wielding a quarterstaff. You had basic skill with quarterstaff. Final Attributes: You were stridently aligned. You were magic-protected. You had a small defense bonus (+2). You were guarded. You are dead. Miscellaneous: You never encountered a bones level. Total elapsed playing time was 4 minutes and 48 seconds. Major events: Turn 1: nopsled the neutral female human Wizard entered the dungeon 201: entered the Gnomish Mines 363: killed by an arrow Vanquished creatures: a gnome 2 jackals a goblin 2 grid bugs a kobold zombie a newt 8 creatures vanquished. No species were genocided or became extinct. Voluntary challenges: You were an atheist. You were illiterate. You never engraved Elbereth. You never genocided any monsters. You never polymorphed an object. You never changed form. You used no wishes. Achievements: You entered the Gnomish Mines. You entered a shop. The Dungeons of Doom: levels 1 to 3 Level 1: Level 2: An armor shop. Stairs down to The Gnomish Mines. Level 3: The Gnomish Mines: Level 3: <- You were here. Final resting place for you, killed by an arrow. Game over: ---------- / \ / REST \ / IN \ / PEACE \ / \ | nopsled | | 13 Au | | killed by an | | arrow | | | | | | 2023 | *| * * * | * _________)/\\_//(\/(/\)/\//\/|_)_______ Goodbye nopsled the Wizard... You died in The Gnomish Mines on dungeon level 3 with 172 points, and 13 pieces of gold, after 363 moves. You were level 1 with a maximum of 12 hit points when you died.